 Dungeon Crawl Stone Soup version 0.30-a0-358-g0d69a1922f (webtiles) character file.

Game seed: 12151144436437031609

1113 jfcaron the Poker (level 8, -1/64 HPs)
             Began as a Gnoll Reaver on Nov 11, 2022.
             Was an Initiate of Vehumet.
             Slain by a jelly (3 damage)
             ... on level 6 of the Dungeon.
             The game lasted 00:13:01 (5150 turns).

jfcaron the Poker (Gnoll Reaver)                    Turns: 5150, Time: 00:13:01

Health: -1/64      AC:  1    Str: 14    XL:     8   Next: 33%
Magic:  17/17      EV:  8    Int: 13    God:    Vehumet [......]
Gold:   306        SH:  0    Dex: 16    Spells: 18/19 levels left

rFire   . . .      SeeInvis .    a - +1 trident
rCold   . . .      Faith    .    (no shield)
rNeg    + . .      Spirit   .    x - +1 chain mail {rN+}
rPois   +          Reflect  .    w - +0 helmet
rElec   .          Harm     .    l - +0 cloak
rCorr   .          Rampage  .    h - +0 pair of gloves
Will    .....                    (no boots)
Stlth   ..........               f - amulet of magic regeneration
HPRegen 0.30/turn                m - +6 ring of dexterity
MPRegen 0.55/turn                D - ring of poison resistance

@: corroded
A: fangs 1, strong nose, distributed training
a: Renounce Religion


You were on level 6 of the Dungeon.
You worshipped Vehumet.
Vehumet was noncommittal.
You visited 2 branches of the dungeon, and saw 7 of its levels.

You collected 306 gold pieces.

Inventory:

Hand Weapons
 a - a +1 trident (weapon)
 g - a +0 lajatang
 q - a +2 dire flail of protection
Missiles
 i - 4 datura-tipped darts
 s - 13 stones
 A - a throwing net {!f}
 C - 6 javelins
Armour
 b - a +0 leather armour
 h - a +0 pair of gloves (worn)
 l - a +0 cloak (worn)
 w - a +0 helmet (worn)
 x - a +1 chain mail of positive energy (worn)
 B - a +0 robe
Jewellery
 f - an amulet of magic regeneration (around neck)
 m - a +6 ring of dexterity (left hand)
 D - a ring of poison resistance (right hand)
Wands
 u - a wand of flame (23)
Scrolls
 k - a scroll of fear {unknown}
 o - a scroll of immolation
 t - a scroll of enchant weapon
 y - 2 scrolls of blinking {unknown}
 z - a scroll of fog
 E - 2 scrolls of identify
Potions
 c - a potion of magic {unknown}
 d - a potion of mutation {unknown}
 e - 2 potions of berserk rage
 j - 2 potions of haste {unknown}
 n - 2 potions of curing
 p - 2 potions of attraction
 r - a potion of brilliance {unknown}
 v - 2 potions of invisibility {unknown}


   Skills:
 + Level 5.7 Fighting
 + Level 3.3 Short Blades
 + Level 3.3 Long Blades
 + Level 3.3 Axes
 + Level 3.3 Maces & Flails
 + Level 7.4 Polearms
 + Level 3.3 Staves
 + Level 3.3 Ranged Weapons
 + Level 3.3 Throwing
 + Level 3.3 Armour
 + Level 5.7 Dodging
 + Level 3.3 Stealth
 + Level 3.3 Shields
 + Level 3.3 Unarmed Combat
 + Level 6.0 Spellcasting
 + Level 6.1 Conjurations
 + Level 2.7 Hexes
 + Level 2.7 Summonings
 + Level 2.7 Necromancy
 + Level 2.7 Translocations
 + Level 2.7 Transmutations
 + Level 2.7 Fire Magic
 + Level 2.7 Ice Magic
 + Level 2.7 Air Magic
 + Level 2.7 Earth Magic
 + Level 2.7 Poison Magic
 + Level 3.6 Invocations
 + Level 3.3 Evocations


You had 18 spell levels left.
You knew the following spells:

 Your Spells              Type           Power      Damage    Failure   Level
a - Kiss of Death         Conj/Necr      60%        2d10      54%         1

Your spell library contained the following spells:

 Spells                   Type           Power      Damage    Failure   Level
 Momentum Strike          Conj/Tloc      30%        3d8       69%         2
 Hailstorm                Conj/Ice       15%        3d5       89%         3
 Kindle Blastsparks       Fire/Tloc/Air  22%        2d11      99%         3
 Fulminant Prism          Conj/Hex       7%         3d7       100%        4
 Iskenderun's Mystic Bla  Conj/Tloc      15%        2d5       100%        4
 Lee's Rapid Deconstruct  Erth           5%         3d6*      100%        5


Dungeon Overview and Level Annotations

Branches:
Dungeon (6/15)             Temple (1/1) D:5

Altars:
Ashenzari
Cheibriados
Dithmenos
Elyvilon
Fedhas
Gozag
Hepliaklqana
Kikubaaqudgha
Makhleb
Nemelex Xobeh
Okawaru
Qazlal
Ru
Sif Muna
Trog
Uskayaw
Vehumet
Wu Jian
Xom
Yredelemnul
The Shining One

Shops:
D:6 *


Innate Abilities, Weirdness & Mutations

You have very sharp teeth.
Your uncanny sense of smell can sniff out nearby items.
Your experience applies equally to all skills.


Message History

You hit the iguana.
You kill the iguana!
Vehumet accepts your kill. The jelly barely misses you.
You puncture the jelly!
Your hands burn!
* * * LOW HITPOINT WARNING * * *
The jelly is moderately wounded.
The jelly closely misses you.
You barely miss the jelly.
The jelly is moderately wounded.
The jelly hits you but does no damage.
You hit the jelly.
Your hands burn!
* * * LOW HITPOINT WARNING * * *
The jelly is moderately wounded.
The jelly hits you.
* * * LOW HITPOINT WARNING * * *
You are splashed with acid.
* * * LOW HITPOINT WARNING * * *
You barely miss the jelly.
The jelly is moderately wounded.
The jelly hits you but does no damage.
You feel better. The jelly hits you but does no damage.
You puncture the jelly! The acid corrodes you!
Your hands burn!
* * * LOW HITPOINT WARNING * * *
You bite the jelly, but do no damage.
The jelly is severely wounded.
The jelly hits you.
* * * LOW HITPOINT WARNING * * *
You are splashed with acid!
* * * LOW HITPOINT WARNING * * *
You feel better. The jelly hits you.
* * * LOW HITPOINT WARNING * * *
You are splashed with acid!
* * * LOW HITPOINT WARNING * * *
You hit the jelly but do no damage. The acid corrodes you!
Your hands burn!
* * * LOW HITPOINT WARNING * * *
You punch the jelly, but do no damage.
The jelly is severely wounded.
The jelly hits you.
You die...

#### ##......'. #..(#
#####..######. #...#
#.....## #.
#...###.....#######.
#...+.............#.
#...#..[.....####.##
#.....#.........#.##
#####....##.###.....#...
#......@..#.###.....#...
#.......J.#...+.....#...
#.......#.#####.....#...
#.......#.# #...###...
#.......#.# #...###...
......>.... ..........
........... #........
......... #.####...
#......†.


You could see a jelly.

Vanquished Creatures
  Menkaure (D:5)
  Edmund (D:5)
  Duvessa (D:5)
  An ice beast (D:6)
  A sky beast (D:6)
  An ogre (D:5)
  A phantom (D:6)
  A scorpion (D:5)
  Dowan (D:5)
  2 hounds
  An orc priest (D:4)
  A jelly (D:5)
  A gnoll bouda (D:5)
  2 iguanas (D:6)
  6 gnolls
  5 adders
  3 ufetubi
  5 worms
  4 dart slugs
  7 orcs
  14 endoplasms
  5 giant cockroaches
  7 goblins
  5 hobgoblins
  9 kobolds
  4 quokkas
  6 ball pythons
  6 bats
  2 frilled lizards (D:2)
  A rat (D:3)
105 creatures vanquished.

Notes
Turn   | Place    | Note
-------+----------+-------------------------------------------
     0 | D:1      | jfcaron the Gnoll Reaver began the quest for the Orb.
     0 | D:1      | Reached XP level 1. HP: 20/20 MP: 6/6
   171 | D:1      | Reached XP level 2. HP: 26/26 MP: 7/7
   277 | D:1      | Reached skill level 5 in Spellcasting
   277 | D:1      | Reached XP level 3. HP: 31/31 MP: 7/9
   536 | D:1      | Found a faded altar of an unknown god.
   629 | D:1      | Reached skill level 1 in Invocations
  1148 | D:2      | Reached skill level 1 in Short Blades
  1148 | D:2      | Reached skill level 1 in Long Blades
  1148 | D:2      | Reached skill level 1 in Axes
  1148 | D:2      | Reached skill level 1 in Maces & Flails
  1148 | D:2      | Reached skill level 1 in Staves
  1148 | D:2      | Reached skill level 1 in Ranged Weapons
  1148 | D:2      | Reached skill level 1 in Throwing
  1148 | D:2      | Reached skill level 1 in Armour
  1148 | D:2      | Reached skill level 1 in Stealth
  1148 | D:2      | Reached skill level 1 in Shields
  1148 | D:2      | Reached skill level 1 in Unarmed Combat
  1148 | D:2      | Reached skill level 1 in Evocations
  1434 | D:2      | Reached XP level 4. HP: 38/38 MP: 11/11
  1858 | D:3      | Reached skill level 1 in Hexes
  1858 | D:3      | Reached skill level 1 in Summonings
  1858 | D:3      | Reached skill level 1 in Necromancy
  1858 | D:3      | Reached skill level 1 in Translocations
  1858 | D:3      | Reached skill level 1 in Transmutations
  1858 | D:3      | Reached skill level 1 in Fire Magic
  1858 | D:3      | Reached skill level 1 in Ice Magic
  1858 | D:3      | Reached skill level 1 in Air Magic
  1858 | D:3      | Reached skill level 1 in Earth Magic
  1858 | D:3      | Reached skill level 1 in Poison Magic
  2672 | D:4      | Reached XP level 5. HP: 37/43 MP: 12/12
  2863 | D:4      | Found a white marble altar of Elyvilon.
  3063 | D:4      | Found a stormy altar of Qazlal.
  3110 | D:5      | Entered Level 5 of the Dungeon
  3123 | D:5      | Noticed Menkaure
  3135 | D:5      | Killed Menkaure
  3136 | D:5      | Reached skill level 5 in Fighting
  3136 | D:5      | Reached skill level 5 in Dodging
  3136 | D:5      | Reached XP level 6. HP: 22/51 MP: 14/14
  3270 | D:5      | Found a staircase to the Ecumenical Temple.
  3299 | Temple   | Entered the Ecumenical Temple
  3299 | Temple   | Found a transporter.
  3299 | Temple   | Found a transporter.
  3314 | Temple   | Found a transporter.
  3314 | Temple   | Found a transporter.
  3343 | Temple   | Became a worshipper of Vehumet
  3397 | D:5      | Noticed Edmund
  3398 | D:5      | Noticed Dowan
  3399 | D:5      | Noticed Duvessa
  3406 | D:5      | Killed Dowan
  3407 | D:5      | Reached skill level 7 in Polearms
  3407 | D:5      | Reached XP level 7. HP: 26/56 MP: 15/15
  3410 | D:5      | Killed Edmund
  3414 | D:5      | HP: 9/56 [Duvessa/+0 short sword (4)]
  3417 | D:5      | Killed Duvessa
  4601 | D:6      | Reached XP level 8. HP: 60/63 MP: 16/16
  4666 | D:6      | Found Fygo's Neck Hole.
  4754 | D:6      | Found a shimmering altar of Xom.
  4754 | D:6      | Found a shimmering blue altar of Sif Muna.
  5145 | D:6      | HP: 12/64 [jelly (1)]
  5148 | D:6      | HP: 3/64 [acid (10)]
  5150 | D:6      | HP: 1/64 [acid (4)]
  5150 | D:6      | Slain by a jelly

Illustrated notes

Levels and vault maps discovered:
D:1:      minmay_arrival_glassed_features, layout_basic,
          dreamdust_ecumenical_altar_angels_and_demons, grunt_decor_cap
D:2:      layout_basic, serial_rivers, chequers_serial_rivers_micro_c,
          chequers_serial_rivers_small_a, chequers_serial_rivers_marsh,
          chequers_serial_rivers_room_a
D:3:      minmay_angry_zag, layout_rooms, minmay_tree_intersection,
          serial_park_tiny_2
D:4:      layout_cave_pools, general_overflow_altar, lemuel_doored_altar
D:5:      layout_basic, minmay_temple_entry_sparse_star, uniq_edmund,
          uniq_menkaure, uniq_duvessa
D:6:      layout_basic, zin_angel, mainiacjoe_overflow_divided_tiny,
          serial_shops, nicolae_take_the_stairs,
          nicolae_shop_sticking_my_neck_out
Temple:   hellmonk_temple_divided_pantheon

Skill      XL: |  1  2  3  4  5  6  7  8 |
---------------+-------------------------+-----
Spellcasting   | 5 6 |  6.0
Invocations    | 1 2 3 |  3.6
Short Blades   | 1 2 3 |  3.3
Long Blades    | 1 2 3 |  3.3
Axes           | 1 2 3 |  3.3
Maces & Flails | 1 2 3 |  3.3
Staves         | 1 2 3 |  3.3
Ranged Weapons | 1 2 3 |  3.3
Throwing       | 1 2 3 |  3.3
Armour         | 1 2 3 |  3.3
Stealth        | 1 2 3 |  3.3
Shields        | 1 2 3 |  3.3
Unarmed Combat | 1 2 3 |  3.3
Evocations     | 1 2 3 |  3.3
Hexes          | 1 2 |  2.7
Summonings     | 1 2 |  2.7
Necromancy     | 1 2 |  2.7
Translocations | 1 2 |  2.7
Transmutations | 1 2 |  2.7
Fire Magic     | 1 2 |  2.7
Ice Magic      | 1 2 |  2.7
Air Magic      | 1 2 |  2.7
Earth Magic    | 1 2 |  2.7
Poison Magic   | 1 2 |  2.7
Fighting       | 5 |  5.7
Dodging        | 5 |  5.7
Polearms       | 7 |  7.4
Conjurations   | 6 |  6.1

Action                   |  1- 3 |  4- 6 |  7- 9 || total
-------------------------+-------+-------+-------++-------
Melee: Spear             |    29 |       |       ||    29
       Bite              |     4 |    23 |    20 ||    47
       Trident           |    87 |   152 |   164 ||   403
       Punch             |       |     5 |     3 ||     8
Throw: Stone             |       |    20 |       ||    20
       Dart              |       |    15 |       ||    15
  Use: Scroll            |       |     7 |     1 ||     8
       Potion            |       |     1 |     2 ||     3
Armor: Chain mail        |    39 |    60 |    76 ||   175
Dodge: Dodged            |    23 |    37 |    51 ||   111

Table legend: (Time is in decaauts)
 A = Elapsed time spent in this place.
 B = Non-inter-level travel time spent in this place.
 C = Inter-level travel time spent in this place.
 D = Time resting spent in this place.
 E = Time spent auto-exploring this place.
 F = Levels seen in this place.
 G = Mean time per level.
                   A        B        C        D        E       F      G
               +--------+--------+--------+--------+--------+-----+--------+
         Total |   5132 |   4777 |    355 |    597 |   3280 |   7 |  733.1 |
       Dungeon |   5074 |   4736 |    338 |    597 |   3261 |   6 |  845.7 |
        Temple |     57 |     40 |     17 |      0 |     19 |   1 |   57.0 |
               +--------+--------+--------+--------+--------+-----+--------+

Top non-repeatable levels by time:
     D:5: 1358 daAuts
     D:2: 907 daAuts
     D:1: 871 daAuts
     D:3: 693 daAuts
     D:4: 646 daAuts
     D:6: 597 daAuts
  Temple: 57 daAuts
